 Dungeon Crawl Stone Soup version 0.29.1-15-g9cfb28693d (webtiles) character file.

Game seed: 8898683031690277694

143 Gustavia the Chopper (level 5, -2/47 HPs)
             Began as a Hill Orc Monk on Mar 3, 2023.
             Killed by nerve-wracking pain
             ... invoked by Grinder
              (8 damage)
             ... while paralysed by Grinder
             ... on level 3 of the Dungeon on Mar 7, 2023.
             The game lasted 00:17:25 (3275 turns).

Gustavia the Chopper (Hill Orc Monk)                Turns: 3275, Time: 00:17:26

Health: -2/47      AC:  4    Str: 15    XL:     5   Next: 25%
Magic:  5/5        EV:  2    Int:  9    God:
Gold:   140        SH:  0    Dex: 23    Spells: 4/4 levels left

rFire   . . .      SeeInvis .   a - +1 hand axe
rCold   . . .      Faith    .   (no shield)
rNeg    . . .      Spirit   .   c - +0 ring mail
rPois   .          Reflect  .   (no helmet)
rElec   .          Harm     .   (no cloak)
rCorr   .          Rampage  .   m - +0 pair of gloves
Will    .....                   (no boots)
Stlth   ++........              (no amulet)
HPRegen 0.15/turn               d - +6 ring of dexterity
MPRegen 0.09/turn               (no ring)

@: paralysed
A: agile 1, deformed body
a: no special abilities


You were on level 3 of the Dungeon.
You visited 1 branch of the dungeon, and saw 3 of its levels.

You collected 140 gold pieces.

Inventory:

Hand Weapons
 a - a +1 hand axe (weapon)
Armour
 c - a +0 ring mail (worn)
 m - a +0 pair of gloves (worn)
Jewellery
 d - a +6 ring of dexterity (left hand)
Scrolls
 g - a scroll of enchant armour
 h - 2 scrolls of butterflies
 i - 2 scrolls of blinking
 j - 2 scrolls of poison
 k - 2 scrolls of brand weapon
 l - 2 scrolls of teleportation
Potions
 b - 2 potions of haste
 e - a potion of brilliance


   Skills:
 + Level 4.5 Fighting
 + Level 5.5 Axes
 + Level 1.9 Armour
 + Level 2.9 Dodging
 + Level 2.1 Stealth


You had 4 spell levels left.
You didn't know any spells.
Your spell library was empty.

Dungeon Overview and Level Annotations

Branches:
Dungeon (3/15)

Altars:
Qazlal

Annotations:
D:3 Grinder


Innate Abilities, Weirdness & Mutations

You are agile. (Dex +4, Str/Int -1)
Armour fits poorly on your strangely shaped body.


Message History

You miss Grinder.
Grinder is severely wounded.
Grinder hits you but does no damage.
You're too confused to move!
Grinder gestures at you.
You suddenly lose the ability to move!
Grinder hits you but does no damage. Grinder hits you!
You feel less invigorated.
You feel less confused. Grinder hits you.
You writhe in agony.
* * * LOW HITPOINT WARNING * * *
You can move again.
You hit Grinder.
Grinder is severely wounded.
Grinder gestures at you. Pain shoots through your body!
* * * LOW HITPOINT WARNING * * *
Grinder closely misses you.
As you read the scroll of butterflies, it crumbles to dust.
You hear the tinkle of a tiny bell.
Grinder hits you.
* * * LOW HITPOINT WARNING * * *
You writhe in agony.
* * * LOW HITPOINT WARNING * * *
You swap places.
Grinder gestures at you.
Your butterfly suddenly stops moving!
Grinder hits your butterfly.
Your butterfly dies!
Your butterfly disappears in a burst of colours!
Okay, then.
Okay, then.
Grinder barely misses your butterfly.
You swap places.
Grinder gestures at you.
You suddenly lose the ability to move!
Grinder completely misses you. Grinder gestures at you.
Pain shoots through your body!
You die...

## # ### ### . #.
.....#.# #.#
#.#b#.# ..# #.b5.#
# #.#.#@#
#.##.##b##########
#.....bb##.......#
####.#####.......#
#.# #.......# #.#
#.......# #.#
#.......# ####
###.#####.......#
#..
#......##.......#
#.#


You could see Grinder (ally target).

Vanquished Creatures
  Natasha (thrice) (D:2)
  An adder (D:3)
  A worm (D:2)
  2 dart slugs
  An orc (D:2)
  6 ball pythons
  7 endoplasms
  2 giant cockroaches
  11 goblins
  A hobgoblin (D:1)
  3 kobolds
  A quokka (D:1)
  6 bats
  3 frilled lizards
  3 rats
51 creatures vanquished.

Vanquished Creatures (others)
  4 fungi (D:1)
4 creatures vanquished.

Grand Total: 55 creatures vanquished

Notes
Turn   | Place    | Note
-------+----------+-------------------------------------------
     0 | D:1      | Gustavia the Hill Orc Monk began the quest for the Orb.
     0 | D:1      | Reached XP level 1. HP: 19/19 MP: 1/1
   256 | D:1      | Reached XP level 2. HP: 27/27 MP: 2/2
   661 | D:1      | Reached XP level 3. HP: 27/33 MP: 3/3
   902 | D:1      | Found a faded altar of an unknown god.
  2284 | D:2      | Noticed Natasha
  2298 | D:2      | Killed Natasha
  2299 | D:2      | Reached skill level 5 in Axes
  2299 | D:2      | Reached skill level 1 in Armour
  2299 | D:2      | Reached XP level 4. HP: 23/41 MP: 4/4
  2580 | D:2      | Noticed Natasha
  2591 | D:2      | Killed Natasha
  2600 | D:2      | Noticed Natasha
  2607 | D:2      | Killed Natasha
  2608 | D:2      | Reached XP level 5. HP: 42/47 MP: 5/5
  2954 | D:3      | Found a stormy altar of Qazlal.
  3204 | D:3      | Gained mutation: Armour fits poorly on your strangely
                  | shaped body. [potion of mutation]
  3204 | D:3      | Gained mutation: You are agile. (Dex +4, Str/Int -1)
                  | [potion of mutation]
  3245 | D:3      | Noticed Grinder
  3264 | D:3      | Paralysed by Grinder for 4 turns
  3273 | D:3      | Paralysed by Grinder for 5 turns
  3275 | D:3      | Killed from afar by Grinder

Illustrated notes

Levels and vault maps discovered:
D:1:      dpeg_arrival_pond, layout_loops_ring,
          dreamdust_ecumenical_altar_grove, minmay_misc_feat_more_columns,
          nrook_loot_triangle, minmay_hexomino_u4
D:2:      layout_loops_cross, st_stairs_10, uniq_natasha
D:3:      layout_loops_cross, nicolae_qazlal_eye_of_the_storm, hex_tiny,
          chequers_arboretum, grunt_ministairs_15, uniq_grinder

Skill      XL: |  1  2  3  4 |
---------------+-------------+-----
Fighting       | 4 |  4.5
Axes           | 5 |  5.5
Armour         | 1 |  1.9
Stealth        | 2 |  2.1
Dodging        | |  2.9

Action                   |  1- 3 |  4- 6 || total
-------------------------+-------+-------++-------
Melee: Hand axe          |   138 |    53 ||   191
       Punch             |       |     1 ||     1
  Use: Potion            |     6 |     4 ||    10
       Scroll            |     5 |     5 ||    10
 Stab: Sleeping          |     3 |     2 ||     5
Armor: Robe              |     7 |       ||     7
       Ring mail         |    21 |    12 ||    33
Dodge: Dodged            |    87 |    22 ||   109
